 Dungeon Crawl Stone Soup version 0.29-a0-845-g6161e89988 (webtiles) character file.

Game seed: 7698828300445137215

472 clackabat the Chopper (level 6, -12/56 HPs)
             Began as a Minotaur Berserker on July 16, 2022.
             Was a Priest of Trog.
             Killed from afar by an electric eel (15 damage)
             ... with a bolt of electricity
             ... on level 4 of the Dungeon.
             The game lasted 00:07:45 (4854 turns).

clackabat the Chopper (Minotaur Berserker)          Turns: 4854, Time: 00:07:46

Health: -12/56     AC:  7    Str: 25 (27) XL:     6   Next: 83%
Magic:  5/5        EV: 12    Int:  2 (4)  God:    Trog [***...]
Gold:   238        SH:  0    Dex: 11 (12) Spells: 5/5 levels left

rFire   . . .      SeeInvis .   e - +0 war axe
rCold   + . .      Faith    .   (no shield)
rNeg    . . .      Spirit   .   j - +2 ring mail of Polaeruth {Str+6}
rPois   .          Reflect  .   (helmet restricted)
rElec   .          Harm     .   (no cloak)
rCorr   .          Rampage  .   (no gloves)
Will    .....                   (no boots)
Stlth   +.........              (no amulet)
HPRegen 0.18/turn               d - ring of protection from cold
MPRegen 0.09/turn               (no ring)

@: brilliant, invisible
A: horns 2, retaliatory headbutt
a: Renounce Religion, Berserk, Trog's Hand


You were on level 4 of the Dungeon.
You worshipped Trog.
Trog was most pleased with you.
You visited 1 branch of the dungeon, and saw 4 of its levels.
You also visited: Sewer.

You collected 238 gold pieces.

Inventory:

Hand Weapons
 a - a +0 hand axe
 e - a +0 war axe (weapon)
Missiles
 n - 7 poisoned darts (quivered)
Armour
 b - a +0 animal skin
 g - a +0 leather armour
 h - a +0 ring mail
 j - the +2 ring mail of Polaeruth (worn) {Str+6}
   (You found it on level 2 of the Dungeon)

   Str:       It affects your strength (+6).
Jewellery
 d - a ring of protection from cold (left hand)
 m - an amulet of magic regeneration
Wands
 v - a wand of flame (2)
Scrolls
 f - 3 scrolls of identify
 k - 2 scrolls of fear {unknown}
 t - a scroll of acquirement {unknown}
Potions
 c - 3 potions of attraction
 i - 2 potions of berserk rage
 l - a potion of cancellation
 o - a potion of ambrosia
 p - a potion of degeneration
 u - a potion of curing {unknown}


   Skills:
 + Level 5.5 Fighting
 * Level 7.1 Axes
 + Level 3.8 Armour
 + Level 3.4 Dodging


You had 5 spell levels left.
You didn't know any spells.
Your spell library was empty.

Dungeon Overview and Level Annotations

Branches:
Dungeon (4/15)              Sewer (visited)
 Temple: D:4-7

Altars:
The Shining One

Annotations:
D:4 1 transporter


Innate Abilities, Weirdness & Mutations

You have a pair of horns on your head.
You reflexively headbutt those who attack you in melee.


Message History

The electric eel shoots out a bolt of lightning at the electric eel!
The bolt of electricity hits the electric eel.
The electric eel completely resists.
You slash the electric eel!
The electric eel is severely wounded.
You slash the electric eel!
The electric eel shoots out a bolt of lightning at the electric eel!
The bolt of electricity hits the electric eel.
The electric eel completely resists.
The bolt of electricity misses the electric eel.
You barely miss the electric eel.
The electric eel is severely wounded.
You slash the electric eel!
You kill the electric eel!
Trog accepts your kill.
The electric eel shoots out a bolt of lightning at the electric eel!
The bolt of electricity hits the electric eel.
The electric eel completely resists.
The bolt of electricity hits the electric eel.
The electric eel completely resists.
The bolt of electricity hits the electric eel.
The electric eel completely resists.
The electric eel shoots out a bolt of lightning at the electric eel!
The bolt of electricity hits the electric eel.
The electric eel completely resists.
The bolt of electricity hits you!
A nearby plant withers and dies.
The electric eel shoots out a bolt of lightning at you!
The bolt of electricity hits you!
* * * LOW HITPOINT WARNING * * *
The bolt of electricity misses you.
The bolt of electricity hits the electric eel.
The electric eel completely resists.
You slash the electric eel! You headbutt the electric eel.
The electric eel is severely wounded.
You barely miss the electric eel. x2
The electric eel shoots out a bolt of lightning at you!
The bolt of electricity hits you!
* * * LOW HITPOINT WARNING * * *
The bolt of electricity hits you!
You die...

.....#..#.....####.#.......
...................#.......
...........©.....#.#.......
........#######..........>.
........#8.©.8#.##.........
........#≈...P#.#..........
........###'###.###........
.?....#.#≈...≈#.# #.....#'#
...##.#.#S@..≈#.# #.....#.#
### ..#.#SS≈≈≈#.# #.....#.#
...#.#≈≈♣≈≈#.# #.....#.#
#.. #.#≈PP≈≈#.# #.....#..
#. #.#≈≈≈≈≈#.# #...))...
#.#≈≈P≈≈#.# #........
#.###+###.# #.....)..
#.#P.?.P#.###........
#.#8.©.8#.##........#


You could see 3 electric eels.

Vanquished Creatures
  Menkaure (D:4)
  An electric eel (D:4)
  2 hounds
  3 gnolls (D:4)
  7 river rats (Sewer)
  6 adders
  A worm (D:2)
  3 dart slugs
  7 orcs (D:3)
  7 ball pythons
  6 bats
  3 endoplasms
  4 giant cockroaches
  9 goblins
  13 hobgoblins
  5 jackals
  2 quokkas
  5 frilled lizards
  9 kobolds
  9 rats
103 creatures vanquished.

Vanquished Creatures (others)
  26 plants
26 creatures vanquished.

Grand Total: 129 creatures vanquished

Notes
Turn   | Place    | Note
-------+----------+-------------------------------------------
     0 | D:1      | clackabat the Minotaur Berserker began the quest for the
                  | Orb.
     0 | D:1      | Reached XP level 1. HP: 19/19 MP: 0/0
   294 | D:1      | Reached skill level 4 in Axes
   312 | D:1      | Reached XP level 2. HP: 25/27 MP: 1/1
   829 | D:1      | Reached ** piety under Trog
   876 | D:1      | Reached XP level 3. HP: 29/33 MP: 2/2
  1204 | D:2      | Identified the +2 ring mail of Polaeruth {Str+6}
  1401 | D:2      | Reached skill level 5 in Axes
  1713 | D:2      | Found a glowing golden altar of the Shining One.
  1812 | D:2      | Reached XP level 4. HP: 38/41 MP: 3/3
  2737 | D:3      | Reached XP level 5. HP: 47/47 MP: 4/4
  2778 | D:3      | Reached skill level 6 in Axes
  3029 | D:4      | Noticed Menkaure
  3484 | D:4      | Killed Menkaure
  3485 | D:4      | Reached skill level 5 in Fighting
  3485 | D:4      | Reached XP level 6. HP: 56/56 MP: 5/5
  3552 | D:4      | Found a glowing drain.
  3557 | Sewer    | Entered a sewer
  3580 | Sewer    | Reached *** piety under Trog
  4267 | D:4      | Reached skill level 7 in Axes
  4502 | D:4      | Found a transporter.
  4518 | D:4      | Found a transporter.
  4534 | D:4      | HP: 2/56 [electric eel/bolt of electricity (11)]
  4854 | D:4      | Killed from afar by an electric eel

Illustrated notes

Levels and vault maps discovered:
D:1:      lightli_arrival_statuegarden, layout_loops_corners, minmay_liquid_box,
          minmay_misc_feat_room
D:2:      layout_loops_corners, basic_altar, minmay_hexomino_c4
D:3:      layout_basic
D:4:      gammafunk_steamed_eel, layout_basic,
          chequers_temple_overflow_minitemple, portal_sewer_entry_e,
          corexii_hall_statues_l, uniq_menkaure

Skill      XL: |  1  2  3  4  5  6 |
---------------+-------------------+-----
Axes           | 4 5 6 7 |  7.1
Fighting       | 4 5 |  5.5
Armour         | 3 |  3.8
Dodging        | 3 |  3.4

Action                   |  1- 3 |  4- 6 || total
-------------------------+-------+-------++-------
Melee: Hand axe          |    59 |    26 ||    85
       Punch             |     1 |     2 ||     3
       Headbutt          |    10 |    19 ||    29
       War axe           |       |   139 ||   139
  Use: Scroll            |       |     8 ||     8
       Potion            |       |     5 ||     5
Armor: Animal skin       |     3 |       ||     3
       Ring mail         |    23 |    39 ||    62
       Leather armour    |     2 |       ||     2
Dodge: Dodged            |    49 |    97 ||   146

Table legend: (Time is in decaauts)
 A = Elapsed time spent in this place.
 B = Non-inter-level travel time spent in this place.
 C = Inter-level travel time spent in this place.
 D = Time resting spent in this place.
 E = Time spent auto-exploring this place.
 F = Levels seen in this place.
 G = Mean time per level.
                   A        B        C        D        E       F      G
               +--------+--------+--------+--------+--------+-----+--------+
         Total |   5001 |   4713 |    288 |    823 |   3219 |   5 | 1000.2 |
       Dungeon |   4289 |   4001 |    288 |    823 |   2687 |   4 | 1072.2 |
         Sewer |    711 |    711 |      0 |      0 |    532 |   1 |  711.0 |
               +--------+--------+--------+--------+--------+-----+--------+

Top non-repeatable levels by time:
     D:3: 1373 daAuts
     D:1: 1147 daAuts
     D:2: 919 daAuts
     D:4: 850 daAuts
   Sewer: 711 daAuts
